 Dungeon Crawl Stone Soup version 0.22.1-2-g9c5b331383 (webtiles) character file.

39 McIrco the Covered (level 3, -2/29 HPs)
             Began as a Demonspawn Fighter on Jan 6, 2019.
             Slain by a goblin (3 damage)
             ... led by Robin
             ... on level 2 of the Dungeon.
             The game lasted 00:02:09 (936 turns).

McIrco the Covered (Demonspawn Fighter)              Turns: 936, Time: 00:02:10

Health: -2/29      AC:  8    Str: 16    XL:     3   Next: 28%
Magic:  0/3        EV:  8    Int:  9    God:
Gold:   89         SH:  9    Dex: 13    Spells: 2/2 levels left

rFire    . . .     SeeInvis .   a - +0 long sword
rCold    . . .     Gourm    .   c - +0 shield
rNeg     + . .     Faith    .   n - +1 ring mail {rN+}
rPois    .         Spirit   +   (no helmet)
rElec    .         Reflect  .   i - scarf {Spirit}
rCorr    .         Harm     .   (no gloves)
MR       .....                  (no boots)
Stlth    +.........             (no amulet)
HPRegen  0.09/turn              (no ring)
MPRegen  0.08/turn              (no ring)

@: no status effects
A: icy blue scales 1, magic shield
a: no special abilities


You were on level 2 of the Dungeon.
You were not hungry.

You visited 1 branch of the dungeon, and saw 2 of its levels.

You collected 89 gold pieces.

Inventory:

Hand Weapons
 a - a +0 long sword (weapon)
Armour
 b - a +0 scale mail
 c - a +0 shield (worn)
 i - a scarf of spirit shield (worn)
 n - a +1 ring mail of positive energy (worn)
Jewellery
 j - an uncursed amulet of faith {unknown}
 k - an uncursed ring of ice {unknown}
Scrolls
 e - 2 scrolls of identify {unknown}
 g - a scroll of amnesia {unknown}
 h - a scroll of enchant armour {unknown}
Potions
 d - a potion of might
 l - a potion of mutation {unknown}
 m - a potion of invisibility {unknown}
Comestibles
 f - 8 rations


   Skills:
 + Level 3.1 Fighting
 + Level 2.0 Long Blades
 * Level 3.2 Armour
 * Level 0.8 Dodging
 * Level 3.1 Shields


You had 2 spell levels left.
You didn't know any spells.
Your spell library was empty.

Dungeon Overview and Level Annotations

Branches:
Dungeon (2/15)

Altars:

Annotations:
D:2 Robin


Innate Abilities, Weirdness & Mutations

You are partially covered in icy blue scales. (AC +2)
When hurt, damage is shared between your health and your magic reserves.


Message History

Your shield and ring mail prevent you from hitting the goblin.
You block the goblin's attack. The goblin hits you.
* * * LOW HITPOINT WARNING * * *
You hit the goblin but do no damage. The goblin hits you but does no damage.
The goblin closely misses you. The goblin misses you.
You barely miss the goblin. The goblin barely misses you.
You riposte.
You closely miss the goblin. You block the goblin's attack.
The goblin hits you.
* * * LOW HITPOINT WARNING * * *
You hit the goblin.
The goblin is moderately wounded.
The goblin no longer looks unusually strong.
You block the goblin's attack. The goblin hits you.
* * * LOW HITPOINT WARNING * * *
The goblin hits you but does no damage.
You slash the goblin!
You kill the goblin!
The goblin no longer looks unusually strong.
The goblin hits you.
You die...

...g... .....
..... ..? ...
#.#######
#........ #g#
#@# #g# #.
#.##########.
#.
#..#.........
#.
#....########
#. #....# #.
####....###
#.###...†.....#
#.............#


You could see Robin and a goblin.

Vanquished Creatures
  2 dart slugs
  A leopard gecko (D:1)
  4 bats
  3 giant cockroaches (D:1)
  8 goblins
  7 hobgoblins
  A frilled lizard (D:1)
  3 kobolds
29 creatures vanquished.

Notes
Turn   | Place    | Note
-------+----------+-------------------------------------------
     0 | D:1      | McIrco the Demonspawn Fighter began the quest for the Orb.
     0 | D:1      | Reached XP level 1. HP: 18/18 MP: 1/1
   301 | D:1      | Gained mutation: When hurt, damage is shared between your
                  | health and your magic reserves. [demonic ancestry]
   301 | D:1      | Reached XP level 2. HP: 22/24 MP: 2/2
   904 | D:2      | Noticed Robin
   911 | D:2      | Gained mutation: You are partially covered in icy blue
                  | scales. (AC +2) [demonic ancestry]
   911 | D:2      | Reached XP level 3. HP: 28/29 MP: 3/3
   935 | D:2      | HP: 1/29 [goblin[Robin] (2)]
   936 | D:2      | Slain by a goblin

Skill      XL: |  1  2  3 |
---------------+----------+-----
Armour         | 3 |  3.2
Shields        | 3 |  3.1
Long Blades    | 2 |  2.0
Fighting       | |  3.1
Dodging        | |  0.8

Action                   || total
-------------------------++-------
Melee: Long sword        ||    95
Armor: Scale mail        ||    47
       Ring mail         ||    18
Dodge: Dodged            ||    32
Block: Shield            ||    59
       Rpst.: Long sword ||     9
